 Dungeon Crawl Stone Soup version 0.30.0-20-g3615ddf2f0 (webtiles) character file.

Game seed: 12274775503545946915

41 qw the Chopper (level 3, -2/23 HPs)
             Began as a Gargoyle Fighter on May 28, 2023.
             Killed from afar by Sigmund (5 damage)
             ... with a magic dart
             ... on level 2 of the Dungeon.
             The game lasted 00:00:30 (1038 turns).

qw the Chopper (Gargoyle Fighter)                   Turns: 1038, Time: 00:00:31

Health: -2/23      AC: 12    Str: 21    XL:     3   Next: 52%
Magic:  3/3        EV:  9    Int:  8    God:
Gold:   91         SH:  4    Dex:  9    Spells: 2/2 levels left

rFire   . . .        Y - +0 war axe
rCold   . . .        c - +0 buckler
rNeg    + . .        b - +0 scale mail
rPois   inf          (no helmet)
rElec   +            (no cloak)
rCorr   .            o - +0 pair of gloves
SInv    .            l - +0 pair of boots
Will    .....        (no amulet) Stlth
                     (no ring)
HPRegen 0.23/turn    (no ring)
MPRegen 0.08/turn

%: no passive effects
@: no status effects
A: sickness immunity, AC +3, negative energy resistance 1, electricity
resistance, torment resistance 1, petrification resistance
a: no special abilities


You were on level 2 of the Dungeon.
You visited 1 branch of the dungeon, and saw 2 of its levels.

You collected 91 gold pieces.


Innate Abilities, Weirdness & Mutations

You are immune to sickness and miasma.
Your stone body is resilient. (AC +3)
You are immune to poison.
You resist negative energy. (rN+)
You are resistant to electric shocks. (rElec)
You are resistant to unholy torment.
You are immune to petrification.


   Skills:
 - Level 3.2 Fighting
 + Level 3.4 Axes
 - Level 3.2 Armour
 - Level 3.2 Shields


You had 2 spell levels left.
You didn't know any spells.
Your spell library was empty.

Inventory:

Hand Weapons
 q - a +0 mace
 Y - a +0 war axe (weapon)
Armour
 b - a +0 scale mail (worn)
 c - a +0 buckler (worn)
 l - a +0 pair of boots (worn)
 o - a +0 pair of gloves (worn)
Jewellery
 p - a ring of ice
Scrolls
 a - a scroll of enchant armour {unknown}
Potions
 d - a potion of might
 e - a potion of attraction {unknown}
 f - a potion of curing {unknown}
 g - 2 potions of lignification {unknown}
 n - a potion of mutation {unknown}

Dungeon Overview and Level Annotations

Branches:
Dungeon (2/15)

Altars:

Annotations:
D:2 Sigmund


Message History

Enter note: Sigmund mumbles some strange words.
Sigmund flickers and vanishes!
Deactivating autopickup; reactivate with Ctrl-A.
Enter note:
Enter note:
Enter note:
Enter note: You swing at nothing.
Something hits you.
You swing at nothing.
A magic dart appears from out of thin air!
The magic dart hits you but does no damage.
You swing at nothing.
You hear some strange, mumbled words.
A puff of flame appears from out of thin air!
The puff of flame hits you.
You swing at nothing.
Something hits you but does no damage.
You swing at nothing.
You block something's attack.
You swing at nothing.
You hear some strange, mumbled words.
You are confused.
A magic dart appears from out of thin air!
The magic dart hits you.
A magic dart appears from out of thin air!
The magic dart hits you. Something hits you.
You feel less confused. Something hits you but does no damage.
You slash something!
You hear some strange, mumbled words.
A puff of flame appears from out of thin air!
The puff of flame misses you.
You barely miss something.
You hear some strange, mumbled words.
A magic dart appears from out of thin air!
The magic dart hits you.
You die...

#...#'###..####'#
#...............#
#..............##
#.####........##
###.####........#
####...............#
...................#
##...............#
#...@...........#
#+#
#..{.......######
#.# #..........# #.#
#..........#
#####.####
#..........#
.........#
#..........#
#####..#.#
#..........#
.........#
############
######.###


There were no monsters in sight!

Vanquished Creatures
  An adder (D:2)
  4 dart slugs (D:1)
  A giant cockroach (D:1)
  3 goblins
  2 hobgoblins (D:1)
  3 kobolds
  2 quokkas (D:1)
  A ball python (D:2)
  2 bats
  3 frilled lizards (D:1)
  3 rats
25 creatures vanquished.

Notes
Turn   | Place    | Note
-------+----------+-------------------------------------------
     0 | D:1      | qw the Gargoyle Fighter began the quest for the Orb.
     0 | D:1      | Reached XP level 1. HP: 14/14 MP: 1/1
     0 | D:1      | 0 ||| qw: Version: 0.2-a-100-g7972860
     0 | D:1      | 0 ||| qw: Game counter: 243
     0 | D:1      | 0 ||| qw: Always use a shield: true
     0 | D:1      | 0 ||| qw: God list: Okawaru
     0 | D:1      | 0 ||| qw: Allow faded altars: false
     0 | D:1      | 0 ||| qw: Do Orc after D:15 true
     0 | D:1      | 0 ||| qw: Do second Lair branch before Depths: true
     0 | D:1      | 0 ||| qw: Lair rune preference: random
     0 | D:1      | 0 ||| qw: Plans: Normal, Zot:1-4, Slime:5, God:TSO, Crypt,
                  | Tomb, Pan, Hells, Abyss, Win
     0 | D:1      | 0 ||| PLANNING D:1-11
    35 | D:1      | 35 ||| Stepping ~*~*~tactically~*~*~ (hiding).
    61 | D:1      | Reached XP level 2. HP: 19/19 MP: 2/2
    79 | D:1      | 79 ||| Stepping ~*~*~tactically~*~*~ (hiding).
    80 | D:1      | 80 ||| Stepping ~*~*~tactically~*~*~ (hiding).
   172 | D:1      | 172 ||| Stepping ~*~*~tactically~*~*~ (stealth).
   173 | D:1      | 173 ||| Stepping ~*~*~tactically~*~*~ (stealth).
   372 | D:1      | 372 ||| Stepping ~*~*~tactically~*~*~ (hiding).
   384 | D:1      | Reached skill level 3 in Axes
   428 | D:1      | Reached XP level 3. HP: 23/23 MP: 3/3
   708 | D:1      | 708 ||| DROPPING +0 club.
   709 | D:1      | 709 ||| UPGRADING to +0 pair of boots.
   714 | D:1      | 714 ||| UPGRADING to +0 pair of gloves.
   719 | D:1      | 719 ||| READING scroll labelled MOUQUECWUM.
   720 | D:1      | 720 ||| READING scroll labelled FAKAUPRIGEE.
   721 | D:1      | 721 ||| READING 2 scrolls labelled MECVOI NAERR.
   722 | D:1      | 722 ||| READING scroll labelled SYILYWN WIMA.
   723 | D:1      | 723 ||| DRINKING 3 fuming puce potions.
   727 | D:1      | 727 ||| DROPPING 2 potions of ambrosia.
   728 | D:1      | 728 ||| DROPPING scroll of noise.
   785 | D:2      | 785 ||| Stepping ~*~*~tactically~*~*~ (stealth).
   786 | D:2      | 786 ||| Stepping ~*~*~tactically~*~*~ (stealth).
   888 | D:2      | 888 ||| Stepping ~*~*~tactically~*~*~ (stealth).
  1021 | D:2      | Noticed Sigmund
  1033 | D:2      | HP: 4/23 [something/magic dart (5)]
  1038 | D:2      | Killed from afar by Sigmund

Levels and vault maps discovered:
D:1:      dpeg_arrival_long_road, layout_loops_cross, minmay_domino_2
D:2:      layout_basic, dreamdust_ecumenical_altar_angels_and_demons,
          nicolae_hexahallways, guppyfry_early_orc_mine, uniq_sigmund

Skill      XL: |  1  2 |
---------------+-------+-----
Axes           | 2 3 |  3.4
Fighting       | |  3.2
Armour         | |  3.2
Shields        | |  3.2

Action                     || total
---------------------------++-------
  Melee: War axe           ||    60
    Use: Scroll            ||     4
         Potion            ||     1
 Armour: Scale mail        ||    35
  Dodge: Dodged            ||    22
  Block: Buckler           ||    12

Table legend:
 A = Non-vault XP
 B = Vault XP
 C = Vault XP percentage of total XP
 D = Non-vault monster count
 E = Vault monster count
 F = Vault count percentage of total count
                 A         B        C        D         E       F
            +---------+---------+-------+---------+---------+-------
      Total |      59 |       0 |   0.0 |      25 |       0 |   0.0
            +---------+---------+-------+---------+---------+-------
        D:1 |      40 |       0 |   0.0 |      19 |       0 |   0.0
        D:2 |      19 |       0 |   0.0 |       6 |       0 |   0.0
            +---------+---------+-------+---------+---------+-------
